 Dungeon Crawl Stone Soup version 0.22-a0-351-g29664b4 (webtiles) character file.

50 Gorglomux the Skirmisher (level 3, 0/30 HPs)
             Began as a Minotaur Earth Elementalist on Apr 12, 2018.
             Slain by a jackal (2 damage)
             ... on level 2 of the Dungeon.
             The game lasted 00:01:11 (822 turns).

Gorglomux the Skirmisher (MiEE)                      Turns: 822, Time: 00:01:11

Health: 0/30       AC:  2    Str: 13    XL:     3   Next: 55%
Magic:  2/4        EV:  6    Int: 12    God:
Gold:   15         SH:  0    Dex: 10    Spells: 3/4 levels left

rFire    . . .     SeeInvis .   s - +0 hand axe
rCold    . . .     Gourm    .   (no shield)
rNeg     . . .     Faith    .   c - +0 robe
rPois    .         Spirit   .   (helmet restricted)
rElec    .         Reflect  .   (no cloak)
rCorr    .         Harm     .   (no gloves)
MR       .....                  (no boots)
Stlth    ++........             r - amulet of regeneration
HPRegen  0.50/turn              (no ring)
MPRegen  0.09/turn              (no ring)

@: held
A: retaliatory headbutt, horns 2
a: no special abilities


You were on level 2 of the Dungeon.
You were not hungry.

You visited 1 branch of the dungeon, and saw 2 of its levels.

You collected 15 gold pieces.

Inventory:

Hand Weapons
 s - a +0 hand axe (weapon)
Missiles
 b - 41 stones (quivered)
Armour
 c - a +0 robe (worn)
Jewellery
 r - an amulet of regeneration (around neck)
 x - an uncursed ring of wizardry {unknown}
Scrolls
 w - a scroll of immolation {unknown}
 y - a scroll of fog {unknown}
 A - a scroll of teleportation {unknown}
 B - a scroll of identify {unknown}
Potions
 q - a potion of brilliance {unknown}
 t - a potion of haste {unknown}
 u - a potion of invisibility {unknown}
 v - a potion of mutation {unknown}
 z - a potion of curing {unknown}
Comestibles
 d - a ration
 C - 6 chunks of flesh


   Skills:
 + Level 2.6 Fighting
 + Level 2.4 Axes
 - Level 1.0 Armour
 - Level 2.1 Dodging
 - Level 1.5 Stealth
 - Level 1.3 Spellcasting
   Level 0.7 Transmutations
 - Level 2.4 Earth Magic


You had 3 spell levels left.
You knew the following spells:

 Your Spells              Type           Power        Failure   Level  Hunger
a - Sandblast             Erth           #.....       11%         1    ##.....


Dungeon Overview and Level Annotations

Branches:
Dungeon (2/15)

Altars:
Ashenzari


Innate Abilities, Weirdness & Mutations

You reflexively headbutt those who attack you in melee.
You have a pair of horns on your head.


Message History

The gnoll is butt-ly wounded!
The gnoll barely misses you!
You carve the gnoll like a ham!
You annihilate the gnoll!!!
You closely miss the butt! You headbutt the gnoll!
The gnoll is heavily wounded!
The gnoll barely misses butt!
The gnoll hits you!!!
The gnoll hits you from afar with a spear!!! * * * don't die
* * * The gnoll throws a throwing net!
The throwing net hits you!
You become entangled in the net!!!
You see here a throwing net!
You struggle against the net!
You struggle against the net!
The butt hits you! * * * don't die
* * * You struggle against the net!
The gnoll hits you from afar with a spear!!! * * * don't die
* * * The gnoll hits you but does no butt!
The jackal bites you! rip

#.# ### #.#
#.############# #.#
#.............######.##
#.#...................#
#.#.##....##..........#
#.#.#.)...........g...#
.
#.#.#.....##.#..gh##'##
.
#.#.#.....##.รท..@.+..#
..
#.#.#.....####....####
#.#.#.##### ######
#.#.#.# ..#.#.# ..#.#.#
...[..# ...<### #...#


You could see 2 gnolls and a jackal.

Vanquished Creatures
  2 gnolls (D:2)
  A leopard gecko (D:1)
  A giant cockroach (D:1)
  2 goblins (D:1)
  3 hobgoblins
  A jackal (D:2)
  A quokka (D:2)
  6 bats
  7 frilled lizards
  2 kobolds (D:1)
  6 rats
32 creatures vanquished.

Notes
Turn   | Place    | Note
-------+----------+-------------------------------------------
     0 | D:1      | Gorglomux the Minotaur Earth Elementalist began the quest for the Orb.
     0 | D:1      | Reached XP level 1. HP: 14/14 MP: 1/1
    82 | D:1      | Reached skill level 1 in Fighting
    82 | D:1      | Reached skill level 1 in Armour
   149 | D:1      | Found a shattered altar of Ashenzari.
   202 | D:1      | Reached XP level 2. HP: 13/23 MP: 0/3
   286 | D:1      | Reached skill level 1 in Axes
   793 | D:2      | Reached XP level 3. HP: 30/30 MP: 0/4
   822 | D:2      | Slain by a jackal

Vault maps used:
D:1:      elethiomel_arrival_infinity_welcomes_careful_drivers,
          ashenzari_altar_1
D:2:      uniq_jessica

Skill      XL: |  1  2 |
---------------+-------+-----
Fighting       | 1 2 |  2.6
Armour         | 1 |  1.0
Axes           | 2 |  2.4
Dodging        | |  2.1
Stealth        | |  1.5
Spellcasting   | |  1.3
Transmutations | |  0.7
Earth Magic    | |  2.4

Action                   || total
-------------------------++-------
Melee: Hand axe          ||    54
       Whip              ||     4
       Headbutt          ||     7
       Unarmed           ||     3
 Cast: Sandblast         ||     6
Armor: Robe              ||    15
Dodge: Dodged            ||    55

Table legend:
 A = Spawn XP
 B = Non-spawn XP
 C = Spawn XP percentage of total XP
 D = Spawn monster count
 E = Non-spawn monster count
 F = Spawn count percentage of total count
 G = Total turns spent on level
                    A         B        C        D         E        F      G
               +---------+---------+-------+---------+---------+-------+---------
         Total |       0 |      72 |   0.0 |       0 |      32 |   0.0 |   822
               +---------+---------+-------+---------+---------+-------+---------
           D:1 |       0 |      34 |   0.0 |       0 |      24 |   0.0 |   680
           D:2 |       0 |      38 |   0.0 |       0 |       8 |   0.0 |   142
               +---------+---------+-------+---------+---------+-------+---------
